 Dungeon Crawl Stone Soup version 0.26-a0-572-g753d7e3450 (webtiles) character file.

Game seed: 12799866809173798352

2513 Hores the Geomancer (level 9, 0/51 HPs)
             Began as a Gargoyle Earth Elementalist on Aug 21, 2020.
             Was a Follower of Vehumet.
             Slain by an orc warrior
             ... wielding a +0 halberd
              (6 damage)
             ... on level 7 of the Dungeon.
             The game lasted 00:16:05 (7092 turns).

Hores the Geomancer (Gargoyle Earth Elementalist)   Turns: 7092, Time: 00:16:06

Health: 0/51       AC: 16    Str: 13    XL:     9   Next: 53%
Magic:  7/17       EV: 13    Int: 18    God:    Vehumet [*.....]
Gold:   416        SH:  0    Dex: 10    Spells: 5/19 levels left

rFire    . . .     SeeInvis .   c - +7 lajatang of Order {silver, rMut}
rCold    + . .     Faith    .   (shield currently unavailable)
rNeg     + . .     Spirit   .   n - +1 robe {MR+}
rPois    ∞         Reflect  .   j - +1 helmet
rElec    +         Harm     .   t - +0 cloak
rCorr    .                      m - +2 pair of gloves
rMut     +                      (no boots)
MR       ++...                  (no amulet)
Stlth    ++........             w - ring of protection from magic
HPRegen  0.17/turn              y - ring of protection from cold
MPRegen  0.15/turn

@: very slightly contaminated
A: negative energy resistance 1, electricity resistance, unbreathing,
petrification resistance, rot immunity, AC +6
a: Renounce Religion


You were on level 7 of the Dungeon.
You worshipped Vehumet.
Vehumet was aware of your devotion.
You visited 2 branches of the dungeon, and saw 8 of its levels.

You collected 416 gold pieces.

Inventory:

Hand Weapons
 c - the +7 lajatang of Order (weapon) {silver, rMut}
   (You found it on level 4 of the Dungeon)

   It protects you from mutation.
 g - a +0 vorpal falchion
 q - a +0 flail
 r - a +0 dagger of venom
 s - a +1 whip of draining
Missiles
 b - 65 stones (quivered)
Armour
 j - a +1 helmet (worn)
 m - a +2 pair of gloves (worn)
 n - a +1 robe of magic resistance (worn)
 t - a +0 cloak (worn)
Jewellery
 w - a ring of protection from magic (left hand)
 y - a ring of protection from cold (right hand)
Wands
 u - a wand of flame (44)
Scrolls
 a - 2 scrolls of remove curse
 d - a scroll of amnesia
 e - 3 scrolls of teleportation
 o - 2 scrolls of magic mapping
 v - 2 scrolls of identify
 x - a scroll of fog
 z - a scroll of summoning
Potions
 f - 2 potions of brilliance
 h - a potion of berserk rage
 i - 3 potions of curing
 k - 2 potions of cancellation
 l - 2 potions of haste
 p - 2 potions of flight
 A - a potion of stabbing {unknown}


   Skills:
 + Level 3.5 Fighting
 + Level 3.1 Maces & Flails
 + Level 3.7 Armour
 + Level 3.3 Dodging
 - Level 2.1 Stealth
 + Level 5.9 Spellcasting
 + Level 6.0 Conjurations
   Level 0.7 Transmutations
 * Level 0.9 Fire Magic
 + Level 8.0 Earth Magic
 + Level 0.3 Evocations


You had 5 spell levels left.
You knew the following spells:

 Your Spells              Type           Power        Failure   Level
a - Sandblast             Erth           ####..       1%          1
b - Stone Arrow           Conj/Erth      ####..       1%          3
c - Lee's Rapid Deconstr  Erth           ####......   12%         5
d - Fireball              Conj/Fire      ###.......   63%         5

Your spell library contained the following spells:

 Spells                   Type           Power        Failure   Level
 Shock                    Conj/Air       ###.         3%          1
 Magic Dart               Conj           ####         1%          1
 Foxfire                  Conj/Fire      ###.         3%          1
 Passwall                 Tmut/Erth      ###.....     3%          2
 Conjure Flame            Conj/Fire      ###.....     9%          3
 Mephitic Cloud           Conj/Pois/Air  ##......     16%         3
 Blink                    Tloc           N/A          19%         2
 Call Imp                 Summ           #.......     19%         2
 Slow                     Hex            #.......     19%         2
 Petrify                  Tmut/Erth      ###.....     21%         4
 Sticky Flame             Conj/Fire      ###.....     28%         4
 Inner Flame              Hex/Fire       #.......     30%         3


Dungeon Overview and Level Annotations

Branches:
Dungeon (7/15)             Temple (1/1) D:5

Altars:
Cheibriados
Dithmenos
Elyvilon
Gozag
Hepliaklqana
Nemelex Xobeh
Okawaru
Sif Muna
Trog
Vehumet
Wu Jian
Xom
Yredelemnul
The Shining One

Annotations:
D:5 3 runed translucent doors, Aksej's ghost, novice DsGl; P0WERM0DE's ghost, weakling OpDe; Turtleman12345's ghost, amateur DEIE; oberejnoburuli's ghost, amateur OpEE; rasy's ghost, amateur MiHu


Innate Abilities, Weirdness & Mutations

You are resistant to torment.
Your stone body is resilient. (AC +6)
You are immune to poison.
You resist negative energy. (rN+)
You are resistant to electric shocks. (rElec)
You can survive without breathing.
You are immune to petrification.
You are immune to rotting.


Message History

Aiming: Lee's Rapid Deconstruction (quite dangerous; 12% risk of failure)
Press: ? - help, Dir - move target cursor A rock wall.
You miscast Lee's Rapid Deconstruction.
You are very lightly contaminated with residual magic.
You are hit by flying rocks.
The orc warrior hits you with a +0 halberd!
* * * LOW HITPOINT WARNING * * *
Casting: Lee's Rapid Deconstruction (quite dangerous; 12% risk of failure)
Confirm with . or Enter, or press ? or * to list all spells.
The spell is quite dangerous to cast (12% risk of failure)!
Continue anyway?
Aiming: Lee's Rapid Deconstruction (quite dangerous; 12% risk of failure)
Press: ? - help, Dir - move target cursor A rock wall.
The wall shatters!
The blast of rock fragments hits the orc warrior.
The orc warrior is severely wounded.
You hear a shout!
The orc warrior hits you with a +0 halberd.
You die...

####.##########...##
.# #.# ##'## # #.#
#####.# #.# #.....#
#.# #.###.## #.#
#......##### #.#
#..........# #.#
#....).###.#
......#@.#
####.##o.# #. #..#
#. #..# ...# #.##
#.# #.#


You could see an orc warrior.

Vanquished Creatures
  3 sky beasts
  A phantom (D:6)
  5 ogres
  2 centaurs (D:5)
  Blork the orc (D:4)
  2 bullfrogs (D:6)
  6 wights (D:6)
  A howler monkey (D:4)
  A bullfrog zombie (D:7)
  2 hounds (D:4)
  2 orc priests
  Crazy Yiuf (D:4)
  2 jellies (D:5)
  3 orc wizards (D:5)
  A gnoll shaman (D:3)
  An iron imp (D:5)
  A bullfrog skeleton (D:5)
  4 iguanas
  Natasha (thrice) (D:4)
  5 worker ants
  A hound skeleton (D:6)
  A worker ant zombie (D:6)
  10 adders
  5 gnolls (D:3)
  4 shadow imps
  3 white imps
  2 ufetubi (D:5)
  An ooze (D:4)
  3 adder zombies
  5 worms
  5 leopard geckos
  20 orcs
  9 bats
  7 giant cockroaches
  6 hobgoblins
  12 jackals
  2 quokkas
  9 frilled lizards
  7 goblins
  A jackal skeleton (D:6)
  8 kobolds
  2 quokka skeletons
  A quokka zombie (D:5)
  7 rats
  A spectral orc (D:3)
179 creatures vanquished.

Vanquished Creatures (others)
  A withered plant (D:6)
1 creature vanquished.

Grand Total: 180 creatures vanquished

Notes
Turn   | Place    | Note
-------+----------+-------------------------------------------
     0 | D:1      | Hores the Gargoyle Earth Elementalist began the quest for
                  | the Orb.
     0 | D:1      | Reached XP level 1. HP: 10/10 MP: 3/3
   195 | D:1      | Reached XP level 2. HP: 13/15 MP: 5/5
   229 | D:1      | Reached skill level 4 in Earth Magic
   742 | D:1      | Reached XP level 3. HP: 18/19 MP: 7/7
   747 | D:1      | Learned a level 3 spell: Stone Arrow
   937 | D:2      | Reached skill level 1 in Conjurations
  1213 | D:2      | Reached XP level 4. HP: 24/24 MP: 6/8
  1958 | D:3      | Reached skill level 5 in Earth Magic
  1987 | D:3      | Reached XP level 5. HP: 24/28 MP: 5/9
  1998 | D:3      | Learned a level 5 spell: Lee's Rapid Deconstruction
  2586 | D:3      | Found a basalt altar of Yredelemnul.
  2916 | D:4      | Reached XP level 6. HP: 32/32 MP: 11/11
  3153 | D:4      | Reached skill level 6 in Earth Magic
  3224 | D:4      | Noticed Blork the orc
  3236 | D:4      | Reached XP level 7. HP: 18/36 MP: 9/13
  3313 | D:4      | Killed Blork the orc
  3516 | D:4      | Noticed Natasha
  3522 | D:4      | Killed Natasha
  3525 | D:4      | Reached skill level 7 in Earth Magic
  3695 | D:4      | Found the +7 lajatang of Order {silver, rMut}
  3764 | D:4      | Noticed Natasha
  3768 | D:4      | Killed Natasha
  3841 | D:4      | Noticed Natasha
  3847 | D:4      | Killed Natasha
  3959 | D:4      | Reached skill level 5 in Spellcasting
  3959 | D:4      | Reached XP level 8. HP: 42/42 MP: 15/15
  4070 | D:4      | Reached skill level 1 in Armour
  4156 | D:4      | Found a runed translucent door.
  4157 | D:4      | Noticed Crazy Yiuf
  4166 | D:4      | Killed Crazy Yiuf
  4308 | D:5      | Entered Level 5 of the Dungeon
  4310 | D:5      | Reached skill level 1 in Fighting
  4312 | D:5      | Reached skill level 1 in Maces & Flails
  4312 | D:5      | Reached skill level 5 in Conjurations
  4330 | D:5      | Found a runed translucent gate.
  4331 | D:5      | Found a runed translucent gate.
  4753 | D:5      | Found a snail-covered altar of Cheibriados.
  5107 | D:5      | Noticed a moth of wrath
  5110 | D:5      | Found a bloodstained altar of Trog.
  5215 | D:5      | Found a staircase to the Ecumenical Temple.
  5227 | Temple   | Entered the Ecumenical Temple
  5359 | Temple   | Became a worshipper of Vehumet
  5540 | D:5      | Found a runed translucent gate.
  5540 | D:5      | Noticed Turtleman12345's ghost (amateur DEIE)
  5540 | D:5      | Noticed P0WERM0DE's ghost (weakling OpDe)
  5540 | D:5      | Noticed rasy's ghost (amateur MiHu)
  5541 | D:5      | Noticed Aksej's ghost (novice DsGl)
  5541 | D:5      | Noticed oberejnoburuli's ghost (amateur OpEE)
  5706 | D:6      | Reached XP level 9. HP: 49/49 MP: 17/17
  5767 | D:6      | Found an ornate altar of the Wu Jian Council.
  6231 | D:6      | Found a sparkling altar of Nemelex Xobeh.
  6647 | D:6      | Reached skill level 8 in Earth Magic
  6773 | D:7      | Learned a level 5 spell: Fireball
  7084 | D:7      | Reached * piety under Vehumet
  7084 | D:7      | Offered knowledge of Shock by Vehumet.
  7092 | D:7      | Slain by an orc warrior

Illustrated notes

Levels and vault maps discovered:
D:1:      tarquinn_simple_flora_water_a, layout_loops_cross
D:2:      layout_basic, nicolae_overflow_hidden_temple
D:3:      layout_rooms, yredelemnul_forgotten_temple_becter, minmay_cupped
D:4:      layout_loops_cross, uniq_natasha, uniq_blork_the_orc,
          uniq_crazy_yiuf_cottage
D:5:      layout_cave_pools, tgw_trog, slow_altar_1, temple_hall,
          gammafunk_ghost_cemetery, minmay_circle_x
D:6:      layout_loops_ring, nemelex_xobeh_ov_fountains_minmay,
          lemuel_coloured_pillars_altar, serial_undead, serial_undead_c,
          serial_undead_f, serial_undead_d, serial_undead_d
D:7:      layout_loops_corners
Temple:   regret_index_temple_generic_petals

Skill      XL: |  1  2  3  4  5  6  7  8  9 |
---------------+----------------------------+-----
Earth Magic    | 4 5 6 7 8 |  8.0
Conjurations   | 1 2 3 4 5 6 |  6.0
Spellcasting   | 3 4 5 |  5.9
Armour         | 2 3 |  3.7
Fighting       | 2 3 |  3.5
Maces & Flails | 2 3 |  3.1
Dodging        | 2 3 |  3.3
Stealth        | |  2.1
Transmutations | |  0.7
Fire Magic     | |  0.9
Evocations     | |  0.3

Action                   |  1- 3 |  4- 6 |  7- 9 || total
-------------------------+-------+-------+-------++-------
Melee: Mace              |    88 |    46 |       ||   134
       Unarmed           |     2 |       |       ||     2
       Dagger            |       |    59 |    19 ||    78
       Lajatang          |       |       |   227 ||   227
 Cast: Sandblast         |    22 |    41 |    24 ||    87
       Stone Arrow       |     1 |       |     4 ||     5
       Lee's Rapid Decon |       |       |     1 ||     1
  Use: Scroll            |       |    11 |     4 ||    15
 Stab: Sleeping          |     5 |     4 |     4 ||    13
       Distracted        |       |       |     3 ||     3
Armor: Robe              |    53 |    42 |   156 ||   251
Dodge: Dodged            |   102 |    79 |   182 ||   363

Table legend: (Time is in decaauts)
 A = Elapsed time spent in this place.
 B = Non-inter-level travel time spent in this place.
 C = Inter-level travel time spent in this place.
 D = Time resting spent in this place.
 E = Time spent auto-exploring this place.
 F = Levels seen in this place.
 G = Mean time per level.
                   A        B        C        D        E       F      G
               +--------+--------+--------+--------+--------+-----+--------+
         Total |   7223 |   7026 |    197 |    714 |   4876 |   8 |  902.9 |
       Dungeon |   7059 |   6893 |    166 |    714 |   4764 |   7 | 1008.4 |
        Temple |    163 |    132 |     31 |      0 |    112 |   1 |  163.0 |
               +--------+--------+--------+--------+--------+-----+--------+

Top non-repeatable levels by time:
     D:4: 1443 daAuts
     D:6: 1177 daAuts
     D:5: 1172 daAuts
     D:2: 1075 daAuts
     D:3: 1026 daAuts
     D:1: 827 daAuts
     D:7: 337 daAuts
  Temple: 163 daAuts
